 Dungeon Crawl Stone Soup version 0.30-a0-385-gfebfb9b408 (webtiles) character file.

Game seed: 15981497241208887322

461 bande the Chopper (level 7, -3/44 HPs)
             Began as a Gargoyle Fighter on Dec 3, 2022.
             Slain by an orc
             ... wielding a +0 trident
              (4 damage)
             ... on level 4 of the Dungeon.
             The game lasted 00:05:35 (2859 turns).

bande the Chopper (Gargoyle Fighter)                Turns: 2859, Time: 00:05:35

Health: -3/44      AC: 16    Str: 19    XL:     7   Next: 7%
Magic:  6/6        EV:  7    Int:  9    God:
Gold:   208        SH:  4    Dex: 11    Spells: 6/6 levels left

rFire   . . .      SeeInvis .    a - +1 war axe
rCold   . . .      Faith    .    c - +0 buckler
rNeg    + . .      Spirit   .    i - +0 chain mail
rPois   ∞          Reflect  .    j - +0 helmet
rElec   +          Harm     .    (no cloak)
rCorr   .          Rampage  +    (no gloves)
Will    .....      Clarity  +    s - +0 pair of boots {rampage}
Stlth   ..........               (no amulet)
HPRegen 0.27/turn                (no ring)
MPRegen 0.10/turn                (no ring)

@: no status effects
A: sickness immunity, AC +4, negative energy resistance 1, electricity
resistance, torment resistance 1, petrification resistance, clarity, low MP 1
a: no special abilities


You were on level 4 of the Dungeon.
You visited 1 branch of the dungeon, and saw 4 of its levels.
You also visited: Sewer.

You collected 208 gold pieces.

Inventory:

Hand Weapons
 a - a +1 war axe (weapon)
 g - a +0 war axe
Armour
 c - a +0 buckler (worn)
 i - a +0 chain mail (worn)
 j - a +0 helmet (worn)
 s - a +0 pair of boots of rampaging (worn)
Jewellery
 e - a ring of ice
Wands
 q - a wand of mindburst (18)
Scrolls
 f - 5 scrolls of fear
 l - a scroll of teleportation
 m - a scroll of butterflies
Potions
 b - a potion of berserk rage {unknown}
 d - 2 potions of might
 h - a potion of mutation
 k - a potion of curing
 n - 2 potions of haste
 o - a potion of heal wounds {unknown}
 p - a potion of cancellation {unknown}
 r - a potion of invisibility {unknown}


   Skills:
 + Level 4.4 Fighting
 + Level 5.2 Axes
 + Level 4.5 Armour
 + Level 4.2 Shields


You had 6 spell levels left.
You didn't know any spells.
Your spell library contained the following spells:

 Spells                   Type           Power      Damage    Failure   Level
 Kiss of Death            Conj/Necr      0%         2d5       99%         1
 Confusing Touch          Hex            0%         N/A       100%        3
 Dispel Undead            Necr           0%         3d6       100%        4


Dungeon Overview and Level Annotations

Branches:
Dungeon (4/15)              Sewer (visited)
 Temple: D:4-7

Altars:


Innate Abilities, Weirdness & Mutations

You are immune to sickness and miasma.
Your stone body is resilient. (AC +4)
You are immune to poison.
You resist negative energy. (rN+)
You are resistant to electric shocks. (rElec)
You are resistant to unholy torment.
You are immune to petrification.
You possess an exceptional clarity of mind.
Your magical capacity is low. (-10% MP)


Message History

Unknown command.
You closely miss the orc warrior.
The orc warrior is moderately wounded.
You slash the goblin!
You kill the goblin!
The orc warrior hits you with a +0 dire flail.
The orc hits you but does no damage.
You closely miss the orc warrior.
The orc warrior is moderately wounded.
The orc warrior hits you but does no damage.
The orc hits you but does no damage.
The orc hits you from afar with a +0 trident.
You block the orc warrior's attack.
You hit the orc warrior but do no damage.
The orc warrior is moderately wounded.
The orc hits you but does no damage.
The orc warrior hits you but does no damage.
You hit the orc warrior but do no damage.
The orc warrior is moderately wounded.
You block the orc warrior's attack.
The orc hits you from afar with a +0 trident.
* * * LOW HITPOINT WARNING * * *
Unknown command.
You hit the orc warrior.
The orc warrior is moderately wounded.
The orc warrior hits you but does no damage.
The orc barely misses you. The orc hits you but does no damage.
The orc warrior hits you but does no damage.
Unknown command.
You hit the orc warrior but do no damage.
The orc warrior is moderately wounded.
The orc warrior hits you with a +0 dire flail!
* * * LOW HITPOINT WARNING * * *
The orc hits you but does no damage.
You hit the orc warrior but do no damage.
The orc warrior is moderately wounded.
The orc warrior hits you with a +0 dire flail.
* * * LOW HITPOINT WARNING * * *
The orc hits you from afar with a +0 trident.
You die...

.. #.<........# .#
#..........# .#
###..........#
.###.............#
.....##..........#
##..###..........#
###.##...........# #
#.........############
###....##.....@)o.....
#....†...##.o#.....#
..(......##.....##
.....
###...###...#.... ....
....##. ..######## $..
#### .#### .. . #


You could see an orc warrior and an orc.

Vanquished Creatures
  A kobold brigand (Sewer)
  A scorpion (D:4)
  A jelly (D:4)
  An orc wizard (D:4)
  4 adders
  10 river rats (Sewer)
  A shadow imp (D:3)
  3 worms
  3 dart slugs
  6 orcs
  5 bats
  7 endoplasms
  3 giant cockroaches
  16 goblins
  6 hobgoblins
  11 jackals (D:1)
  2 quokkas (D:1)
  9 ball pythons
  4 frilled lizards
  19 kobolds
  17 rats (Sewer)
130 creatures vanquished.

Notes
Turn   | Place    | Note
-------+----------+-------------------------------------------
     0 | D:1      | bande the Gargoyle Fighter began the quest for the Orb.
     0 | D:1      | Reached XP level 1. HP: 14/14 MP: 1/1
    14 | D:1      | Reached XP level 2. HP: 18/19 MP: 2/2
    91 | D:1      | Found Ziniurue's Armour Boutique.
   274 | D:1      | Reached skill level 2 in Axes
   291 | D:1      | Reached XP level 3. HP: 2/24 MP: 3/3
  1066 | D:2      | Reached XP level 4. HP: 28/29 MP: 4/4
  1314 | D:3      | Reached skill level 3 in Axes
  1424 | D:3      | Found a glowing drain.
  1448 | Sewer    | Entered a sewer
  1532 | Sewer    | Reached XP level 5. HP: 27/33 MP: 5/5
  1641 | Sewer    | Reached skill level 4 in Axes
  1731 | Sewer    | Noticed a kobold brigand
  1754 | Sewer    | Killed a kobold brigand
  1755 | Sewer    | Reached XP level 6. HP: 38/38 MP: 6/6
  2595 | D:3      | Gained mutation: Your magical capacity is low. (-10% MP)
                  | [potion of mutation]
  2595 | D:3      | Gained mutation: You possess an exceptional clarity of
                  | mind. [potion of mutation]
  2677 | D:4      | Reached skill level 5 in Axes
  2807 | D:4      | Reached XP level 7. HP: 41/44 MP: 6/6
  2859 | D:4      | HP: 1/44 [orc warrior/+0 dire flail (4)]
  2859 | D:4      | Slain by an orc

Illustrated notes

Levels and vault maps discovered:
D:1:      dpeg_arrival_windows_large_door, layout_rooms, serial_shops,
          nicolae_shop_window_shopping
D:2:      layout_basic
D:3:      cheibrodos_greedy_goblins, layout_basic, portal_sewer_entry_d,
          minmay_fountain_box, feat_on_display
D:4:      layout_rooms, kennysheep_slug_shrine

Skill      XL: |  1  2  3  4  5  6 |
---------------+-------------------+-----
Axes           | 2 3 4 5 |  5.2
Armour         | 4 |  4.5
Fighting       | 4 |  4.4
Shields        | 4 |  4.2

Action                   |  1- 3 |  4- 6 |  7- 9 || total
-------------------------+-------+-------+-------++-------
Melee: War axe           |   121 |   183 |    18 ||   322
  Use: Scroll            |     4 |     3 |       ||     7
       Potion            |     1 |     1 |       ||     2
Armor: Scale mail        |    54 |       |       ||    54
       Chain mail        |    38 |   159 |    21 ||   218
Dodge: Dodged            |    92 |    82 |     4 ||   178
Block: Buckler           |    28 |    57 |     5 ||    90

Table legend: (Time is in decaauts)
 A = Elapsed time spent in this place.
 B = Non-inter-level travel time spent in this place.
 C = Inter-level travel time spent in this place.
 D = Time resting spent in this place.
 E = Time spent auto-exploring this place.
 F = Levels seen in this place.
 G = Mean time per level.
                   A        B        C        D        E       F      G
               +--------+--------+--------+--------+--------+-----+--------+
         Total |   2993 |   2961 |     32 |    397 |   1710 |   5 |  598.6 |
       Dungeon |   2295 |   2263 |     32 |    226 |   1432 |   4 |  573.8 |
         Sewer |    697 |    697 |      0 |    171 |    278 |   1 |  697.0 |
               +--------+--------+--------+--------+--------+-----+--------+

Top non-repeatable levels by time:
     D:3: 821 daAuts
   Sewer: 697 daAuts
     D:1: 607 daAuts
     D:2: 594 daAuts
     D:4: 272 daAuts
